 Dungeon Crawl Stone Soup version 0.23.0 (webtiles) character file.

Game seed: 13558970425639136320

198 inmateoo the Skirmisher (level 5, -6/52 HPs)
             Began as a Minotaur Assassin on Feb 13, 2019.
             Mangled by Menkaure (9 damage)
             ... on level 4 of the Dungeon.
             The game lasted 00:04:55 (2492 turns).

inmateoo the Skirmisher (Minotaur Assassin)         Turns: 2492, Time: 00:04:55

Health: -6/52      AC:  7    Str: 17    XL:     5   Next: 47%
Magic:  4/4        EV:  9    Int:  8    God:
Gold:   174        SH:  0    Dex: 11    Spells: 4/4 levels left

rFire    . . .     SeeInvis .   n - +1 spear (venom)
rCold    . . .     Gourm    .   (no shield)
rNeg     + . .     Faith    .   m - +0 scale mail {rN+}
rPois    .         Spirit   .   (helmet restricted)
rElec    .         Reflect  .   d - +0 cloak
rCorr    .         Harm     .   (no gloves)
MR       .....                  (no boots)
Stlth    +.........             (no amulet)
HPRegen  0.17/turn              (no ring)
MPRegen  0.09/turn              (no ring)

@: no status effects
A: retaliatory headbutt, horns 2
a: no special abilities


You were on level 4 of the Dungeon.
You were not hungry.

You visited 1 branch of the dungeon, and saw 4 of its levels.

You collected 174 gold pieces.

Inventory:

Hand Weapons
 a - a +2 dagger
 b - a +0 blowgun
 n - a +1 spear of venom (weapon)
Missiles
 e - 34 poisoned needles
 f - 2 curare-tipped needles
Armour
 c - a +0 plate armour
 d - a +0 cloak (worn)
 m - a +0 scale mail of positive energy (worn)
Jewellery
 t - a +3 ring of evasion {unknown}
Wands
 q - a wand of acid (6)
Scrolls
 i - 2 scrolls of amnesia {unknown}
 j - 3 scrolls of remove curse {unknown}
 k - 7 scrolls of identify {unknown}
 l - 2 scrolls of immolation {unknown}
 o - 3 scrolls of teleportation {unknown}
Potions
 h - 3 potions of brilliance {unknown}
 p - a potion of degeneration {unknown}
 r - a potion of haste {unknown}
 s - a potion of lignification {unknown}
 u - a potion of magic {unknown}
 v - 2 potions of cancellation {unknown}
Comestibles
 g - 5 rations


   Skills:
 + Level 7.0 Fighting
 - Level 2.1 Short Blades
 - Level 2.0 Throwing
 - Level 1.1 Dodging
 - Level 3.2 Stealth


You had 4 spell levels left.
You didn't know any spells.
Your spell library was empty.

Dungeon Overview and Level Annotations

Branches:
Dungeon (4/15)
 Temple: D:4-7

Altars:
Elyvilon
Nemelex Xobeh
Yredelemnul

Annotations:
D:4 Menkaure


Innate Abilities, Weirdness & Mutations

You reflexively headbutt those who attack you in melee.
You have a pair of horns on your head.


Message History

Menkaure is moderately damaged.
Menkaure calls on the powers of darkness!
Your body is wracked with pain!
* * * LOW HITPOINT WARNING * * *
You are too injured to fight recklessly!
You are too injured to fight recklessly!
You puncture Menkaure!
Menkaure is severely damaged.
Menkaure calls on the powers of darkness!
Your body is wracked with pain!
* * * LOW HITPOINT WARNING * * *
Okay, then.
You are too injured to fight recklessly!
You hit Menkaure.
You headbutt Menkaure, but do no damage.
Menkaure is almost destroyed.
Menkaure hits you.
* * * LOW HITPOINT WARNING * * *
Menkaure hits you!
You die...

......# .........#
......# .........#
......# #######'##
....### #.......#
#.......# #.......#
....# +.......#
....# #.......#
....+ #.....@.#
....#######.....M.#
..................#
...[..............#
.............>....#
.....รท............#
...##'#########+##.
####.........# .
#..........#


You could see Menkaure.

Vanquished Creatures
  A gnoll shaman (D:3)
  4 gnolls (D:3)
  6 adders
  An adder skeleton (D:4)
  A worm (D:2)
  2 dart slugs (D:1)
  4 leopard geckos
  4 orcs
  2 ball pythons
  3 bats
  4 giant cockroaches
  9 goblins
  3 hobgoblins
  2 quokkas (D:3)
  9 frilled lizards
  5 kobolds
  7 rats
67 creatures vanquished.

Notes
Turn   | Place    | Note
-------+----------+-------------------------------------------
     0 | D:1      | inmateoo the Minotaur Assassin began the quest for the Orb.
     0 | D:1      | Reached XP level 1. HP: 18/18 MP: 0/0
    18 | D:1      | Reached skill level 3 in Fighting
    55 | D:1      | Reached XP level 2. HP: 14/26 MP: 1/1
   854 | D:2      | Reached skill level 4 in Fighting
   900 | D:2      | Reached XP level 3. HP: 25/34 MP: 2/2
  1404 | D:3      | Reached skill level 5 in Fighting
  1450 | D:3      | Reached XP level 4. HP: 37/42 MP: 3/3
  1456 | D:3      | Found a basalt altar of Yredelemnul.
  1624 | D:3      | Reached skill level 6 in Fighting
  1633 | D:3      | Reached XP level 5. HP: 33/51 MP: 4/4
  2112 | D:3      | Found a white marble altar of Elyvilon.
  2417 | D:4      | Found a sparkling altar of Nemelex Xobeh.
  2432 | D:4      | Reached skill level 7 in Fighting
  2483 | D:4      | Noticed Menkaure
  2492 | D:4      | Mangled by Menkaure

Skill      XL: |  1  2  3  4  5 |
---------------+----------------+-----
Fighting       | 3 4 5 6 7 |  7.0
Short Blades   | |  2.1
Throwing       | |  2.0
Dodging        | |  1.1
Stealth        | |  3.2

Action                   |  1- 3 |  4- 6 || total
-------------------------+-------+-------++-------
Melee: Dagger            |    94 |    20 ||   114
       Headbutt          |    11 |    12 ||    23
       Spear             |       |    48 ||    48
Evoke: Wand              |       |     3 ||     3
  Eat: Chunk             |     2 |     3 ||     5
Armor: Robe              |     8 |       ||     8
       Plate armour      |    21 |       ||    21
       Scale mail        |    14 |    16 ||    30
Dodge: Dodged            |    37 |    17 ||    54
